 Dungeon Crawl Stone Soup version 0.31-a0-590-g8a5a4361df (webtiles) character file.

Game seed: 7119946858906123174

56 thirtiethelement the Trooper (level 3, -4/29 HPs)
             Began as a Demonspawn Cinder Acolyte on Aug 20, 2023.
             Was a High Priest of Ignis.
             Killed from afar by Natasha (8 damage)
             ... with a magic dart
             ... on level 2 of the Dungeon.
             The game lasted 00:02:42 (1341 turns).

thirtiethelement the Trooper (DsCA)                 Turns: 1341, Time: 00:02:42

Health: -4/29      AC:  3    Str: 14    XL:     3   Next: 69%
Magic:  4/4        EV: 11    Int: 17    God:    Ignis [*****.]
Gold:   39         SH:  0    Dex:  8    Spells: 2/4 levels left

rFire   + . .        e - +1 dagger (vamp)
rCold   . . .        i - orb {light}
rNeg    . . .        k - +0 leather armour
rPois   .            (no helmet)
rElec   .            (no cloak)
rCorr   .            (no gloves)
SInv    .            (no boots)
Will    .....        (no amulet)
Stlth   +            (no ring)
HPRegen 0.24/turn    (no ring)
MPRegen 0.09/turn

%: no passive effects
@: glowing
A: weakness stinger 1
a: Renounce Religion, Fiery Armour, Foxfire Swarm, Rising Flame


You were on level 2 of the Dungeon.
You worshipped Ignis.
Ignis was extremely pleased with you.
You visited 1 branch of the dungeon, and saw 2 of its levels.

You collected 39 gold pieces.

Inventory:

Hand Weapons
 a - a -1 falchion of flaming
 e - a +1 vampiric dagger (weapon)
Armour
 b - a +0 robe
 i - an orb of light (worn)
 k - a +0 leather armour (worn)
Magical Staves
 g - a staff of fire
Scrolls
 d - a scroll of immolation {unknown}
 j - a scroll of identify {unknown}
Potions
 c - a potion of degeneration {unknown}
 f - a potion of lignification {unknown}
 h - a potion of might {unknown}
 l - a potion of curing {unknown}


   Skills:
 + Level 3.3 Fighting
 * Level 1.3(2.3) Short Blades
 - Level 2.8(3.0) Long Blades
 + Level 1.0 Dodging
 + Level 0.1 Stealth
 + Level 1.0 Spellcasting
 + Level 3.1 Fire Magic


You had 2 spell levels left.
You knew the following spells:

 Your Spells              Type           Power      Damage    Failure   Level
a - Scorch                Fire           22%        2d5       11%         2

Your spell library contained the following spells:

 Spells                   Type           Power      Damage    Failure   Level
 Cigotuvi's Dreadful Rot  Necr/Pois/Air  0%         N/A       38%         2
 Dispel Undead            Necr           0%         3d6       95%         4
 Death Channel            Necr           0%         N/A       100%        6


Dungeon Overview and Level Annotations

Branches:
Dungeon (2/15)

Altars:

Annotations:
D:2 Natasha


Innate Abilities, Weirdness & Mutations

You have a small tail.


Message History

Found 8 stones.
You see here 8 stones.
There is a stone staircase leading up here.
A goblin comes into view. It is wielding a +0 dagger.
The goblin shouts!
The goblin hits you with a +0 dagger.
You hit the goblin.
You feel better.
Your tail-slap misses the goblin.
The goblin is severely wounded.
The goblin hits you but does no damage.
You closely miss the goblin.
The goblin is severely wounded.
The goblin barely misses you.
You hit the goblin.
You kill the goblin!
No target in view!
No target in view!
No target in view!
No target in view!
No target in view!
You see here a +0 dagger.
l - a metallic purple potion Natasha, Servant of Life and Death comes into view.
Found a book of Cantrips.
Natasha hisses angrily.
Natasha misses you.
You closely miss Natasha. Natasha barely misses you.
You hit Natasha but do no damage.
Your tail-slap misses Natasha.
Natasha claws you.
You closely miss Natasha. Natasha claws you but does no damage.
You closely miss Natasha.
Your tail-slap misses Natasha.
Natasha claws you!
You hit Natasha but do no damage.
Your tail-slap misses Natasha.
Natasha claws you.
You hit Natasha but do no damage. Natasha claws you!
* * * LOW HITPOINT WARNING * * *
Natasha attacks as you move away! Natasha claws you.
* * * LOW HITPOINT WARNING * * *
Natasha casts a spell at you. The magic dart hits you!
You die...
Natasha curls up and begins to purr.

#.#######
#.#
#.......#
#.#
#######.#
#.# #.#
#.# #.#
#.# #.#
#.# #.#
#.# ## #.#
#.#
#...####@#
#.#
#...:.h..#
#.#
#...######
#.# ## ###
#.# ..#
#.# #.#
#.# #.#
#.# #.#
#.# #.#
#.#


You could see Natasha.

Vanquished Creatures
  2 adders (D:2)
  6 ball pythons
  2 bats (D:1)
  2 endoplasms (D:1)
  6 goblins
  2 hobgoblins (D:2)
  3 kobolds
  2 quokkas (D:1)
  A frilled lizard (D:1)
  10 rats
36 creatures vanquished.

Notes
Turn   | Place    | Note
-------+----------+-------------------------------------------
     0 | D:1      | thirtiethelement the Demonspawn Cinder Acolyte began the
                  | quest for the Orb.
     0 | D:1      | Reached XP level 1. HP: 18/18 MP: 2/2
   280 | D:1      | Found a faded altar of an unknown god.
   286 | D:1      | Discovered your monstrous ancestry.
   286 | D:1      | Gained mutation: You have a small tail. [demonic ancestry]
   286 | D:1      | Reached XP level 2. HP: 24/24 MP: 3/3
   344 | D:1      | Learned a level 2 spell: Scorch
   847 | D:2      | Reached skill level 1 in Short Blades
   847 | D:2      | Reached XP level 3. HP: 15/29 MP: 1/4
  1218 | D:2      | Reached skill level 1 in Dodging
  1331 | D:2      | Noticed Natasha
  1341 | D:2      | Killed from afar by Natasha

Illustrated notes

Levels and vault maps discovered:
D:1:      dreamdust_arrival_sigmund_warning, layout_loops_cross,
          chequers_ecumenical_altar_simple_redux
D:2:      layout_loops_ring, uniq_natasha

Skill      XL: |  1  2  3 |
---------------+----------+-----
Fire Magic     | 3 |  3.1
Short Blades   | 1 |  1.3
Dodging        | 1 |  1.0
Fighting       | |  3.3
Long Blades    | |  2.8
Stealth        | |  0.1
Spellcasting   | |  1.0

Action                     || total
---------------------------++-------
  Melee: Dagger            ||   151
         Falchion          ||    14
         Punch             ||     1
         Tailslap          ||     7
   Cast: Scorch            ||     2
 Armour: Robe              ||    32
         Leather armour    ||     8
  Dodge: Dodged            ||    86

Table legend: (Time is in decaauts)
 A = Elapsed time spent in this place.
 B = Non-inter-level travel time spent in this place.
 C = Inter-level travel time spent in this place.
 D = Time resting spent in this place.
 E = Time spent auto-exploring this place.
 F = Levels seen in this place.
 G = Mean time per level.
                   A        B        C        D        E       F      G
               +--------+--------+--------+--------+--------+-----+--------+
         Total |   1328 |   1280 |     48 |      0 |    963 |   2 |  664.0 |
       Dungeon |   1328 |   1280 |     48 |      0 |    963 |   2 |  664.0 |
               +--------+--------+--------+--------+--------+-----+--------+

Top non-repeatable levels by time:
     D:1: 789 daAuts
     D:2: 538 daAuts
